 Dungeon Crawl Stone Soup version 0.27.1-3-gb3d3a73c9e (webtiles) character file.

Game seed: 6422807414480590954

37 andesha the Poker (level 3, -5/33 HPs)
             Began as a Minotaur Berserker on Oct 15, 2021.
             Was a Believer of Trog.
             Slain by Sigmund (8 damage)
             ... on level 2 of the Dungeon.
             The game lasted 00:04:55 (1360 turns).

andesha the Poker (Minotaur Berserker)              Turns: 1360, Time: 00:04:56

Health: -5/33      AC:  3    Str: 22    XL:     3   Next: 21%
Magic:  2/2        EV: 12    Int:  4    God:    Trog [**....]
Gold:   56         SH:  0    Dex:  9    Spells: 2/2 levels left

rFire    . . .     SeeInvis .   c - +3 hand axe
rCold    . . .     Faith    .   (no shield)
rNeg     . . .     Spirit   .   f - +0 leather armour
rPois    .         Reflect  .   (helmet restricted)
rElec    .         Harm     .   (no cloak)
rCorr    .         Rampage  .   (no gloves)
Will     .....                  (no boots)
Stlth    +.........             (no amulet)
HPRegen  0.11/turn              (no ring)
MPRegen  0.08/turn              (no ring)

@: no status effects
A: horns 2, retaliatory headbutt
a: Renounce Religion, Berserk, Trog's Hand


You were on level 2 of the Dungeon.
You worshipped Trog.
Trog was pleased with you.
You visited 1 branch of the dungeon, and saw 2 of its levels.

You collected 56 gold pieces.

Inventory:

Hand Weapons
 c - a +3 hand axe (weapon)
Armour
 f - a +0 leather armour (worn)
Scrolls
 d - a scroll of identify {unknown}
 e - 2 scrolls of fog
 h - a scroll of fear {unknown}


   Skills:
 + Level 4.1 Fighting
 * Level 0.6(2.6) Axes
 - Level 4.2(4.3) Polearms
 + Level 2.8 Armour
 + Level 2.5 Dodging
 - Level 0.1 Stealth


You had 2 spell levels left.
You didn't know any spells.
Your spell library was empty.

Dungeon Overview and Level Annotations

Branches:
Dungeon (2/15)

Altars:

Annotations:
D:2 Sigmund


Innate Abilities, Weirdness & Mutations

You have a pair of horns on your head.
You reflexively headbutt those who attack you in melee.


Message History

HP restored.
Found a thin glowing staff.
Found 8 gold pieces.
You see here a staff of death.
Sigmund the Dreaded comes into view.
He is wielding a +0 scythe.
Sigmund points at you and mumbles some strange words.
The magic dart hits you. Sigmund casts a spell at you. The magic dart hits you!
You slash Sigmund! You headbutt Sigmund!
Sigmund is heavily wounded.
Sigmund hits you with a +0 scythe!
You are too injured to fight recklessly!
Cleave: c) +3 hand axe
Press: ? - help, Dir - move target, f - Sigmund
Aim: Sigmund, wielding a +0 scythe and wearing a +0 robe (heavily wounded, about 40% to evade your +3 hand axe)
You hit Sigmund. Your headbutt misses Sigmund.
Sigmund is severely wounded.
Sigmund misses you.
Cleave: c) +3 hand axe
Press: ? - help, Dir - move target, f/p - Sigmund
Aim: Sigmund, wielding a +0 scythe and wearing a +0 robe (severely wounded, about 40% to evade your +3 hand axe)
You slash Sigmund! Your headbutt misses Sigmund.
Sigmund is almost dead.
Sigmund mumbles some strange words.
Sigmund flickers and vanishes!
Deactivating autopickup; reactivate with Ctrl-A.
Cleave: c) +3 hand axe
Press: ? - help, Dir - move target You barely miss something.
Something hits you!
* * * LOW HITPOINT WARNING * * *
Unknown command.
Cleave: c) +3 hand axe
Press: ? - help, Dir - move target You miss something.
Something hits you.
* * * LOW HITPOINT WARNING * * *
Cleave: c) +3 hand axe
Press: ? - help, Dir - move target You closely miss something.
Your headbutt misses something. Something hits you!
You die...

##. #.. ###..
#..$## +....#
#....# #..######
#....|..##
#@#......#
#{#......#
#.#......#
#.#......#########
..#...............
#######...........
#...........
#..)........
#.).........


There were no monsters in sight!

Vanquished Creatures
  8 endoplasms
  4 hobgoblins
  4 jackals (D:1)
  3 quokkas (D:1)
  9 ball pythons
  2 frilled lizards (D:1)
  A rat (D:1)
31 creatures vanquished.

Vanquished Creatures (others)
  3 fungi (D:1)
  A plant (D:1)
4 creatures vanquished.

Grand Total: 35 creatures vanquished

Notes
Turn   | Place    | Note
-------+----------+-------------------------------------------
     0 | D:1      | andesha the Minotaur Berserker began the quest for the Orb.
     0 | D:1      | Reached XP level 1. HP: 19/19 MP: 0/0
   315 | D:1      | Reached XP level 2. HP: 21/27 MP: 1/1
   580 | D:1      | Found a faded altar of an unknown god.
   835 | D:1      | Reached XP level 3. HP: 33/33 MP: 2/2
   841 | D:1      | Reached ** piety under Trog
  1352 | D:2      | Noticed Sigmund
  1360 | D:2      | Slain by Sigmund

Illustrated notes

Levels and vault maps discovered:
D:1:      onia_arrival_handbag, layout_basic,
          shapermc_ecumenical_altar_rom_forum, serial_aquarium,
          aquarium_bridge_square [aquarium_subvault_balcony,
          aquarium_subvault_bridge, aquarium_subvault_bridge,
          aquarium_subvault_wall], aquarium_bridge_island_large
          [aquarium_subvault_large_4_pools, aquarium_subvault_wall,
          aquarium_subvault_bridge, aquarium_subvault_bridge,
          aquarium_subvault_wall], aquarium_window_1, aquarium_window_2,
          aquarium_window_fake, aquarium_view_2e, aquarium_balcony_double_4,
          kennysheep_nondescript
D:2:      layout_basic, serial_shops, shop, minmay_misc_feat_plants,
          uniq_crazy_yiuf_cottage, uniq_sigmund

Skill      XL: |  1  2 |
---------------+-------+-----
Fighting       | 4 |  4.1
Polearms       | 4 |  4.2
Axes           | |  0.6
Armour         | |  2.8
Dodging        | |  2.5
Stealth        | |  0.1

Action                   || total
-------------------------++-------
Melee: Spear             ||    30
       Headbutt          ||     6
       Hand axe          ||    37
Invok: Berserk           ||     1
  Use: Scroll            ||     2
       Potion            ||     2
 Stab: Sleeping          ||     2
Armor: Animal skin       ||     2
       Leather armour    ||     1
Dodge: Dodged            ||    36
